 Dungeon Crawl Stone Soup version 0.32-a0-841-g4648e6c457 (webtiles) character file.

Game seed: 4044676268151162823

210 Fodor the Covered (level 5, -4/48 HPs)
             Began as a Minotaur Fighter on Mar 26, 2024.
             Killed by divine providence
             ... invoked by an orc priest
              (7 damage)
             ... on level 4 of the Dungeon.
             The game lasted 00:06:25 (2590 turns).

Fodor the Covered (Minotaur Fighter)                Turns: 2590, Time: 00:06:25

Health: -4/48      AC:  7    Str: 23    XL:     5   Next: 57%
Magic:  4/4        EV:  8    Int:  5    God:
Gold:   124        SH:  4    Dex:  9    Spells: 4/4 levels left

rFire   . . .        a - +0 war axe
rCold   . . .        c - +0 buckler
rNeg    . . .        b - +0 scale mail
rPois   .            (helmet restricted)
rElec   .            (no cloak)
rCorr   .            (no gloves)
SInv    +            (no boots)
Will    .....        (no amulet) Stlth
                     g - ring of see invisible
HPRegen 0.28/turn    (no ring)
MPRegen 0.09/turn

%: no passive effects
@: no status effects
A: horns 2, retaliatory headbutt
a: Convert to Beogh


You were on level 4 of the Dungeon.
You visited 1 branch of the dungeon, and saw 4 of its levels.

You collected 148 gold pieces.
You spent 24 gold pieces at shops.

Inventory:

Hand Weapons
 a - a +0 war axe (weapon)
 s - a +0 lajatang
Missiles
 p - 4 boomerangs (quivered)
Armour
 b - a +0 scale mail (worn)
 c - a +0 buckler (worn)
 e - a +0 pair of gloves
Jewellery
 g - a ring of see invisible (left hand)
Talismans
 o - a beast talisman
 r - a serpent talisman
Scrolls
 f - a scroll of enchant armour
 h - 4 scrolls of identify
 j - a scroll of immolation
 m - a scroll of teleportation {unknown}
 t - a scroll of enchant weapon {unknown}
Potions
 d - 3 potions of might
 i - a potion of haste {unknown}
 k - a potion of invisibility {unknown}
 l - a potion of brilliance {unknown}
 n - a potion of heal wounds {unknown}
 q - a potion of mutation {unknown}
 u - a potion of enlightenment {unknown}


   Skills:
 + Level 5.0 Fighting
 + Level 4.2 Axes
 + Level 5.1 Armour
 + Level 0.3 Dodging
 + Level 4.4 Shields


You had 4 spell levels left.
You didn't know any spells.
Your spell library contained the following spells:

 Spells                   Type           Power      Damage    Failure   Level
 Apportation              Tloc           0%         N/A       83%         1
 Jinxbite                 Hex            0%         N/A       93%         2
 Alistair's Intoxication  Alch           0%         N/A       100%        5


Dungeon Overview and Level Annotations

Branches:
Dungeon (4/15)
 Temple: D:4-7

Altars:
Hepliaklqana
Nemelex Xobeh

Shops:
D:2 ?   D:3 (

Portals:
Abyss: D:4

Annotations:
D:4 Jigsaw's ghost, weakling KoDe


Innate Abilities, Weirdness & Mutations

You have a pair of horns on your head.
You reflexively headbutt those who attack you in melee.


Message History

Your Fighting skill increases to level 5!
The orc priest hits you with a +0 short sword.
The orc barely misses you. You furiously retaliate!
You headbutt the orc!
You kill the orc!
The orc priest calls down the wrath of Beogh upon you.
Pain shoots through your body!
The orc priest shouts, "The Pantheon deserves no one's loyalty.
Let us show you the true path!" (press Y on the ability menu to convert to Beogh)
Things that are here:
a +0 trident; an orc corpse Unknown command.
You slash the orc priest!
The orc priest is almost dead.
The orc priest shouts, "Beogh offers mercy even to people such as you.
Join us and be reborn!"
The orc priest hits you but does no damage. x2
You closely miss the orc priest.
The orc priest is almost dead.
The orc priest hits you but does no damage.
You slash the orc priest!
You kill the orc priest!
Your Armour skill increases to level 5!
You closely miss the orc. Your headbutt misses the orc.
The orc hits you with a +0 falchion.
You barely miss the orc.
The orc priest threatens, "Beogh's wrath is as vast as their mercy.
Make your choice!"
Your headbutt misses the orc. The orc hits you but does no damage.
The orc priest calls down the wrath of Beogh upon you.
Beogh smites you!
* * * LOW HITPOINT WARNING * * *
The orc hits you with a +0 falchion.
* * * LOW HITPOINT WARNING * * *
You closely miss the orc.
The orc priest shouts, "Surrender to Beogh and we'll let you live!"
You headbutt the orc.
You kill the orc!
The orc priest closely misses you.
You completely miss the orc priest.
The orc priest mumbles some strange prayers to Beogh against you.
Beogh smites you!
You die...

.? #..#... .
####....... ..
##..........
...##......(....
................
................ ###
#....)# ..# #....#o##
#.# ########@# #.#
.........# #######
##.# #######..#
#.....# ##... #..#
#.###.# ##....
#..###.###.###.....
#....#...#..(...._.
#.#..###.#..##.....
###.#......#...##....
#...#...####.#####...


You could see an orc priest.

Vanquished Creatures
  An orc priest (D:4)
  An iguana (D:2)
  Terence (D:2)
  Robin (D:2)
  A gnoll (D:1)
  6 adders
  3 dart slugs
  3 orcs (D:4)
  A ball python (D:3)
  5 endoplasms
  2 giant cockroaches (D:2)
  13 goblins
  3 hobgoblins
  A quokka (D:2)
  2 bats (D:1)
  3 frilled lizards
  2 kobolds
  6 rats
55 creatures vanquished.

Notes
Turn   | Place    | Note
-------+----------+-------------------------------------------
     0 | D:1      | Fodor the Minotaur Fighter began the quest for the Orb.
     0 | D:1      | Reached XP level 1. HP: 19/19 MP: 0/0
   323 | D:1      | Reached XP level 2. HP: 23/27 MP: 1/1
   918 | D:2      | Noticed Terence
   924 | D:2      | Killed Terence
   925 | D:2      | Reached XP level 3. HP: 18/34 MP: 2/2
  1118 | D:2      | Noticed Robin
  1131 | D:2      | Reached XP level 4. HP: 26/41 MP: 3/3
  1138 | D:2      | Killed Robin
  1686 | D:2      | Reached XP level 5. HP: 47/47 MP: 4/4
  1821 | D:2      | Found Aduqyuph's Magic Scroll Boutique.
  1826 | D:2      | Bought a scroll of identify for 24 gold pieces
  1945 | D:3      | Found Liemix's Antique Weapon Boutique.
  1962 | D:3      | Identified the +3 long sword of Moral Flaws {venom, rN+
                  | Str-5 Dex+3}
  2344 | D:3      | Found a hazy altar of Hepliaklqana.
  2509 | D:4      | Found a sparkling altar of Nemelex Xobeh.
  2573 | D:4      | Found a one-way gate to the infinite horrors of the Abyss.
  2573 | D:4      | Noticed Jigsaw's ghost (weakling KoDe)
  2582 | D:4      | Reached skill level 5 in Fighting
  2587 | D:4      | Reached skill level 5 in Armour
  2588 | D:4      | HP: 2/48 [orc/+0 falchion (3)]
  2590 | D:4      | Killed from afar by an orc priest

Illustrated notes

Levels and vault maps discovered:
D:1:      lightli_arrival_windingriver, layout_basic,
          nicolae_kite_square_tiling_tiny
D:2:      layout_loops_cross, serial_shops, nicolae_shop_rolled_up,
          uniq_terence, uniq_robin
D:3:      layout_rooms, nzn_hepliaklqana_mist_gate, serial_shops, shop
D:4:      layout_basic, lemuel_round_altar, gammafunk_ghost_abyssal_escape,
          uniq_crazy_yiuf_cottage

Skill      XL: |  1  2  3  4  5 |
---------------+----------------+-----
Shields        | 4 |  4.4
Fighting       | 4 5 |  5.0
Armour         | 4 5 |  5.1
Axes           | 3 4 |  4.2
Dodging        | |  0.3

Action                     |  1- 3 |  4- 6 || total
---------------------------+-------+-------++-------
  Melee: War axe           |    49 |    56 ||   105
         Headbutt          |     3 |     8 ||    11
    Use: Scroll            |       |     2 ||     2
 Armour: Scale mail        |    50 |    52 ||   102
  Dodge: Dodged            |    26 |    33 ||    59
  Block: Buckler           |    16 |    14 ||    30

Table legend: (Time is in decaauts)
 A = Elapsed time spent in this place.
 B = Non-inter-level travel time spent in this place.
 C = Inter-level travel time spent in this place.
 D = Time resting spent in this place.
 E = Time spent auto-exploring this place.
 F = Levels seen in this place.
 G = Mean time per level.
                   A        B        C        D        E       F      G
               +--------+--------+--------+--------+--------+-----+--------+
         Total |   2628 |   2533 |     95 |    324 |   1584 |   4 |  657.0 |
       Dungeon |   2628 |   2533 |     95 |    324 |   1584 |   4 |  657.0 |
               +--------+--------+--------+--------+--------+-----+--------+

Top non-repeatable levels by time:
     D:2: 1004 daAuts
     D:1: 907 daAuts
     D:3: 586 daAuts
     D:4: 129 daAuts
